AoeStats
← jphilkill

Black Forest

505451477Analyzed
4v4 RM · 24d ago on Sep 9, 2026· 20m 50s· 8 players
Game mode
Random Map
Map size
Large (8 player)
Population
200
Speed
Normal
Resources
Standard
Victory
Conquest
Starting age
Dark Age
Ending age
Imperial Age
RankedLock teamsTeams togetherTeam positionsShared explorationLock speedFull tech treeHidden civsTurbo modeCheats
Victory
Defeat
🇨🇳 Burgundians · China
1072
+15
🇧🇬 Bulgarians · Bulgaria
1038
+16
🇺🇸 Malay · United States
1034
+16
🇹🇷 Turks · Türkiye
992
+17
🇨🇳 Mongols · China
1091
-48
🇨🇱 Vietnamese · Chile
1067
-17
🇨🇳 Celts · China
1021
-15
🇩🇪 Burgundians · Germany
977
-14
lord evil
1:20 Loom
12:58 Feudal Age
13:13 Double-Bit Axe
19:38 Castle Age
18:42 Fishing Lines
19:19 Gillnets
novko
2:08 Loom
10:41 Feudal Age
16:22 Castle Age
15:35 Horse Collar
15:46 Double-Bit Axe
张维为
0:42 Loom
10:59 Feudal Age
15:32 Castle Age
15:22 Double-Bit Axe
16:14 Horse Collar
17:38 Bow Saw
ertk
0:39 Loom
10:43 Feudal Age
15:53 Castle Age
13:43 Double-Bit Axe
13:41 Horse Collar
15:59 Wheelbarrow
17:36 Bow Saw
17:37 Heavy Plow
guachalin
0:27 Loom
13:26 Feudal Age
18:06 Horse Collar
20:35 Double-Bit Axe
高老头子
6:11 Loom
13:17 Feudal Age
18:08 Castle Age
16:43 Double-Bit Axe
18:46 Fishing Lines
jphilkill
1:05 Loom
7:07 Wheelbarrow
6:20 Double-Bit Axe
13:24 Feudal Age
15:34 Gold Mining
16:31 Stone Mining
19:50 Castle Age
17:38 Fishing Lines
19:36 Gold Shaft Mining
19:13 Bow Saw
18:48 Horse Collar
19:21 Caravan
20:45 Stone Shaft Mining
小宸睡不醒
1:10 Loom
11:52 Feudal Age
13:22 Double-Bit Axe
16:12 Castle Age
Connection lost

Rejoining the realm…

Still unreachable

The connection could not be restored.

Session expired

The server has moved on; the page needs a fresh start.